 Dungeon Crawl Stone Soup version 0.27.0-1-g7a089689b8 (webtiles) character file.

Game seed: 3984341724512561171

16242 DearestLeader the Destroyer (level 12, -4/95 HPs)
             Began as a Pale Draconian Conjurer on Aug 11, 2021.
             Was a Believer of Vehumet.
             Slain by an elephant (8 damage)
             ... in a Gauntlet.
             The game lasted 00:41:19 (12059 turns).

DearestLeader the Destroyer (DrCj)                 Turns: 12059, Time: 00:41:19

Health: -4/95      AC: 15    Str: 17    XL:     12   Next: 8%
Magic:  14/23      EV: 13    Int: 26    God:    Vehumet [**....]
Gold:   769        SH:  5    Dex:  9    Spells: 13/26 levels left

rFire    + . .     SeeInvis .   O - +1 dagger (venom)
rCold    + . .     Faith    .   K - +1 buckler {AC+3}
rNeg     . . .     Spirit   .   (armour unavailable)
rPois    +         Reflect  .   X - +1 hat {Int+3}
rElec    .         Harm     .   S - scarf {rC+ rF+}
rCorr    .         Rampage  .   c - +2 pair of gloves
Will     .....     NoTele   +   (no boots)
Stlth    ++........             m - amulet of magic regeneration
HPRegen  0.25/turn              Q - +6 ring of strength
MPRegen  0.43/turn              M - ring of poison resistance

@: brilliant, weak-willed
A: breathe steam, AC +8, unfitting armour, cold-blooded, steam resistance
a: Breathe Steam, Renounce Religion


You were in a Gauntlet.
You worshipped Vehumet.
Vehumet was pleased with you.
You visited 3 branches of the dungeon, and saw 13 of its levels.
You also visited: Gauntlet.

You collected 769 gold pieces.

Inventory:

Hand Weapons
 a - a +2 short sword of freezing
 y - a +1 halberd of flaming
 z - a +0 hand crossbow of flaming
 O - a +1 dagger of venom (weapon)
 P - a +2 scimitar of flaming
Missiles
 l - 6 throwing nets
 o - 29 poisoned darts (quivered)
 u - a curare-tipped dart
 E - 29 bolts
Armour
 c - a +2 pair of gloves (worn)
 d - a +0 cloak
 K - a +1 buckler of protection (worn)
 S - a scarf of resistance (worn)
 X - a +1 hat of intelligence (worn)
Magical Staves
 h - a staff of poison
 s - a staff of death
 N - a staff of air
 R - a staff of fire
Jewellery
 m - an amulet of magic regeneration (around neck)
 M - a ring of poison resistance (right hand)
 Q - a +6 ring of strength (left hand)
 T - a ring of ice
Wands
 x - a wand of iceblast (26)
 L - a wand of polymorph (19)
 V - a wand of charming (11)
Scrolls
 e - a scroll of fog {unknown}
 j - 3 scrolls of blinking {unknown}
 k - 5 scrolls of teleportation
 n - a scroll of fear {unknown}
 p - 2 scrolls of magic mapping
 q - 3 scrolls of enchant armour
 t - 4 scrolls of enchant weapon {unknown}
 B - 3 scrolls of noise
 C - 2 scrolls of amnesia {unknown}
 D - a scroll of brand weapon {unknown}
 F - 3 scrolls of vulnerability
 G - a scroll of immolation {unknown}
 J - a scroll of summoning {unknown}
 W - a scroll of silence {unknown}
Potions
 b - a potion of attraction {unknown}
 f - a potion of brilliance
 g - 2 potions of might {unknown}
 r - 2 potions of haste
 v - 2 potions of curing {unknown}
 w - a potion of flight {unknown}
 A - 2 potions of magic {unknown}
 I - a potion of degeneration {unknown}
 U - a potion of invisibility {unknown}
 Y - 2 potions of resistance {unknown}
Miscellaneous
 H - a lightning rod (4/4)


   Skills:
 + Level 5.9 Fighting
 - Level 5.0 Dodging
 - Level 2.0 Stealth
 - Level 4.0 Shields
 + Level 7.5 Spellcasting
 * Level 14.5 Conjurations
 - Level 4.0 Hexes
 - Level 5.0 Air Magic


You had 13 spell levels left.
You knew the following spells:

 Your Spells              Type           Power      Damage    Failure   Level
a - Magic Dart            Conj           100%       1d8       0%          1
b - Searing Ray           Conj           100%       3d7       1%          2
c - Fulminant Prism       Conj/Hex       36%        3d18      1%          4
d - Swiftness             Air            52%        N/A       2%          3
e - Dazzling Flash        Conj/Hex       100%       N/A       1%          3

Your spell library contained the following spells:

 Spells                   Type           Power      Damage    Failure   Level
 Sandblast                Erth           28%        2d8       6%          1
 Slow                     Hex            45%        N/A       1%          2
 Corpse Rot               Necr/Air       N/A        N/A       3%          2
 Poisonous Vapours        Pois/Air       68%        N/A       3%          2
 Confusing Touch          Hex            45%        N/A       3%          3
 Iskenderun's Mystic Bla  Conj/Tloc      64%        2d13      3%          4
 Beastly Appendage        Tmut           28%        N/A       6%          1
 Sting                    Tmut/Pois      56%        1d5       6%          1
 Summon Guardian Golem    Hex/Summ       30%        N/A       8%          3
 Passwall                 Tmut/Erth      11%        N/A       9%          2
 Sublimation of Blood     Necr           7%         N/A       9%          2
 Wereblood                Tmut           14%        N/A       9%          2
 Orb of Destruction       Conj           45%        9d15      13%         7
 Frozen Ramparts          Ice            28%        1d4       19%         3
 Gell's Gravitas          Tloc           7%         N/A       19%         3
 Lesser Beckoning         Tloc           7%         N/A       19%         3
 Spider Form              Tmut/Pois      7%         N/A       19%         3
 Teleport Other           Tloc           14%        N/A       19%         3
 Vampiric Draining        Necr           7%         2d7       19%         3
 Dispel Undead            Necr           14%        3d10      52%         4
 Ice Form                 Ice/Tmut       14%        N/A       52%         4
 Summon Ice Beast         Ice/Summ       14%        N/A       52%         4
 Invisibility             Hex            22%        N/A       87%         6
 Spellforged Servitor     Conj/Summ      32%        N/A       95%         7
 Death Channel            Necr           7%         N/A       100%        6
 Dispersal                Tloc           7%         N/A       100%        6
 Malign Gateway           Summ/Tloc      7%         N/A       100%        7
 Summon Hydra             Summ           7%         N/A       100%        7


Dungeon Overview and Level Annotations

Branches:
Dungeon (11/15)            Temple (1/1) D:7            Lair (1/6) D:11
    Orc (0/2) D:10        Gauntlet (1/1)

Altars:
Ashenzari
Cheibriados
Elyvilon
Fedhas
Kikubaaqudgha
Qazlal
Sif Muna
Trog
Uskayaw
Vehumet
Wu Jian
Xom
Zin

Annotations:
D:3 2 transporters, brob1's ghost, weakling DDFi Gauntlet 9 transporters, 3 runed translucent doors


Innate Abilities, Weirdness & Mutations

You can breathe blasts of scalding, opaque steam.
Your pale cyan-grey scales are hard. (AC +8)
You cannot fit into any form of body armour.
You are cold-blooded and may be slowed by cold attacks.
You are immune to the effects of steam.


Message History

Casting: Dazzling Flash (safe; 1% risk of failure)
Confirm with . or Enter, or press ? or * to list all spells.
Okay, then.
Casting: Dazzling Flash (safe; 1% risk of failure)
Confirm with . or Enter, or press ? or * to list all spells.
Aiming: Searing Ray (safe; 1% risk of failure)
Press: ? - help, Shift-Dir - straight line You feel a surge of power!
The searing ray hits the dire elephant!
The dire elephant is lightly wounded. (Press . to maintain the ray.)
You block the elephant's attack.
The elephant trunk-slaps you but does no damage.
The dire elephant closely misses you.
The dire elephant trunk-slaps you but does no damage.
The elephant closely misses you. You block the elephant's attack.
The searing ray hits the dire elephant but does no damage.
The dire elephant is lightly wounded.
You block the elephant's attack. x2; The dire elephant tramples you!!
* * * LOW HITPOINT WARNING * * *
You hold your ground!
The dire elephant barely misses you. The elephant tramples you!
* * * LOW HITPOINT WARNING * * *
You hold your ground!
The elephant trunk-slaps you but does no damage.
You feel much better.
The dire elephant is no longer blind.
The elephant closely misses you.
The elephant trunk-slaps you but does no damage.
The dire elephant tramples you but does no damage.
The dire elephant completely misses you.
You block the elephant's attack. x2
You have got your breath back.
The dire elephant tramples you!!
* * * LOW HITPOINT WARNING * * *
You hold your ground!
The dire elephant trunk-slaps you.
* * * LOW HITPOINT WARNING * * *
You hit the dire elephant but do no damage.
The dire elephant is poisoned.
The dire elephant is lightly wounded.
The elephant tramples you!
You die...

...... #...©.
############### #..8.
##≈#§#§#§#≈#§#≈####...
##....§§§........#≈####
#§.8......8............
##...............8.....
#≈...###########.......
##...#@Y:.©[(.Y#...####
#≈...#Y#.....#Y#...#.$[
##.§.#Y.#####.Y#...#.[.
#≈...#..##.##..#...#..#
##.8.#....©....#.8.#.##
#≈...#..##.##..#...#.#.
##...#..#####..#...#...
#≈...#.#.....#.#...#..#
##...#.........#...####


You could see a dire elephant (very poisoned, weak-willed) and 2 elephants.

Vanquished Creatures
  2 hydras (D:11)
  Fannar (D:11)
  A two-headed ogre (D:10)
  Erica (D:10)
  A manticore (D:6)
  A cyclops (D:6)
  2 hellwings (D:9)
  A troll (D:10)
  A meliai (D:9)
  A hornet (D:9)
  A slime creature (D:9)
  A meliai zombie (D:9)
  6 shadows (Gauntlet)
  8 yaks
  A wyvern (D:10)
  3 vampire mosquitoes (D:11)
  A steam dragon (D:6)
  The ghost of Dwachs the Charlatan, an amateur GnAr (D:6)
  5 water moccasins
  A hornet zombie (D:6)
  3 black bears
  A sky beast (D:7)
  5 ice beasts
  5 orc warriors
  An ogre (D:5)
  6 centaurs
  A phantom (D:5)
  3 kobold brigands
  6 bullfrogs
  4 scorpions
  2 gnoll sergeants
  6 killer bees (D:11)
  16 wights
  8 howler monkeys
  A spectral centaur (D:6)
  2 hounds
  8 centaur zombies
  A jelly (D:4)
  4 orc priests
  3 centaur skeletons
  2 bullfrog skeletons (D:6)
  2 iguanas
  16 orc wizards
  5 howler monkey zombies
  8 gnolls
  7 adders
  5 shadow imps
  A white imp (D:6)
  An ufetubus (D:5)
  An adder skeleton (D:4)
  A worm (D:2)
  2 dart slugs
  43 orcs
  8 endoplasms
  6 giant cockroaches
  7 goblins
  3 hobgoblins
  10 kobolds
  3 quokkas
  7 ball pythons
  4 bats
  4 frilled lizards
  2 rats
274 creatures vanquished.

Vanquished Creatures (others)
  14 demonic plants (Gauntlet)
  20 fulminant prisms
  22 fungi
  17 plants (D:11)
  5 withered plants (D:9)
78 creatures vanquished.

Grand Total: 352 creatures vanquished

Notes
Turn   | Place    | Note
-------+----------+-------------------------------------------
     0 | D:1      | DearestLeader the Draconian Conjurer began the quest for
                  | the Orb.
     0 | D:1      | Reached XP level 1. HP: 14/14 MP: 3/3
   289 | D:1      | Reached XP level 2. HP: 20/20 MP: 5/5
  1059 | D:1      | Learned a level 2 spell: Searing Ray
  1076 | D:2      | Reached skill level 5 in Conjurations
  1076 | D:2      | Reached XP level 3. HP: 26/26 MP: 2/6
  1807 | D:3      | Found a faded altar of an unknown god.
  1903 | D:3      | Found a transporter.
  1903 | D:3      | Noticed brob1's ghost (weakling DDFi)
  1980 | D:3      | Found a transporter.
  2117 | D:3      | Noticed a kobold brigand
  2144 | D:3      | HP: 1/26 [poisoned by a kobold brigand]
  2148 | D:3      | Killed a kobold brigand
  2149 | D:3      | Reached skill level 6 in Conjurations
  2149 | D:3      | Reached XP level 4. HP: 28/33 MP: 1/7
  2260 | D:3      | Reached XP level 5. HP: 30/38 MP: 4/8
  2365 | D:3      | Noticed an ice beast
  2380 | D:3      | Killed an ice beast
  2381 | D:3      | Reached skill level 7 in Conjurations
  2540 | D:3      | Learned a level 4 spell: Fulminant Prism
  2699 | D:4      | Reached XP level 6. HP: 45/45 MP: 5/9
  2909 | D:4      | Found a blossoming altar of Fedhas.
  2909 | D:4      | Found a shimmering altar of Xom.
  2909 | D:4      | Found a broken altar of Ashenzari.
  2910 | D:4      | Found a glowing silver altar of Zin.
  3460 | D:5      | Entered Level 5 of the Dungeon
  3773 | D:5      | Noticed an ice beast
  3779 | D:5      | Killed an ice beast
  4104 | D:5      | Reached skill level 1 in Hexes
  4104 | D:5      | Your scales start taking on a pale cyan-grey colour.
  4104 | D:5      | Reached XP level 7. HP: 43/50 MP: 1/11
  4104 | D:5      | Gained mutation: You are immune to the effects of steam.
                  | [Pale Draconian growth]
  4145 | D:5      | Reached skill level 8 in Conjurations
  4800 | D:6      | Reached XP level 8. HP: 40/57 MP: 7/13
  5085 | D:6      | Reached skill level 9 in Conjurations
  5112 | D:6      | Found a large runed translucent door.
  5112 | D:6      | Found a large runed translucent door.
  5129 | D:6      | Found a large runed translucent door.
  5129 | D:6      | Found a large runed translucent door.
  5157 | D:6      | Reached skill level 1 in Fighting
  5174 | D:6      | Got the Catalogue of Toxic Creation
  5477 | D:6      | Noticed a manticore
  5527 | D:6      | Noticed a cyclops
  5552 | D:7      | Reached skill level 10 in Conjurations
  5556 | D:7      | Reached XP level 9. HP: 42/68 MP: 10/15
  5567 | D:7      | Found a staircase to the Ecumenical Temple.
  6006 | D:7      | Learned a level 3 spell: Swiftness
  6010 | D:7      | Learned a level 3 spell: Dazzling Flash
  6177 | D:7      | Reached skill level 1 in Air Magic
  6688 | D:8      | Reached skill level 11 in Conjurations
  6843 | Temple   | Entered the Ecumenical Temple
  6894 | Temple   | Became a worshipper of Vehumet
  7452 | D:6      | Killed a manticore
  7453 | D:6      | Reached skill level 5 in Fighting
  7453 | D:6      | Reached XP level 10. HP: 68/81 MP: 12/16
  7458 | D:6      | Killed a cyclops
  7469 | D:6      | Reached skill level 5 in Dodging
  8150 | D:6      | Found a runed translucent gate.
  8150 | D:6      | Found a runed translucent gate.
  8154 | D:6      | Found a runed translucent gate.
  8173 | D:6      | Noticed Dwachs's ghost (amateur GnAr)
  8192 | D:6      | Killed Dwachs's ghost
  8462 | D:9      | Reached * piety under Vehumet
  8462 | D:9      | Offered knowledge of Freeze by Vehumet.
  8481 | D:9      | Reached skill level 12 in Conjurations
  8528 | D:9      | Reached skill level 5 in Spellcasting
  8528 | D:9      | Reached skill level 5 in Air Magic
  9125 | D:9      | Reached skill level 13 in Conjurations
  9125 | D:9      | Reached XP level 11. HP: 50/86 MP: 15/19
  9317 | D:9      | Got the Disquisition on the Voyage
  9389 | D:9      | Reached skill level 1 in Shields
  9855 | D:10     | Entered Level 10 of the Dungeon
  9936 | D:10     | Offered knowledge of Sandblast by Vehumet.
  9936 | D:10     | Reached ** piety under Vehumet
 10026 | D:10     | Noticed Erica
 10030 | D:10     | Killed Erica
 10130 | D:10     | Found an ancient bone altar of Kikubaaqudgha.
 10270 | D:10     | Noticed a two-headed ogre
 10283 | D:10     | Killed a two-headed ogre
 10456 | D:10     | Found a staircase to the Orcish Mines.
 10863 | D:11     | Noticed Fannar
 10886 | D:11     | Killed Fannar
 11022 | D:11     | Reached skill level 14 in Conjurations
 11302 | D:11     | Noticed a four-headed hydra
 11323 | D:11     | Killed a four-headed hydra
 11467 | D:11     | Noticed a seven-headed hydra
 11479 | D:11     | Killed a seven-headed hydra
 11544 | D:11     | Found a staircase to the Lair.
 11557 | D:11     | Reached XP level 12. HP: 79/95 MP: 20/23
 11769 | Lair:1   | Entered Level 1 of the Lair of Beasts
 11775 | Lair:1   | Found a gate leading to a gauntlet.
 11785 | Gauntlet | Entered a Gauntlet
 11785 | Gauntlet | Found a transporter.
 11788 | Gauntlet | Found a transporter.
 11801 | Gauntlet | Found a transporter.
 11805 | Gauntlet | Found a transporter.
 11817 | Gauntlet | Found a transporter.
 11820 | Gauntlet | Noticed a dire elephant
 11833 | Gauntlet | Noticed an entropy weaver
 11835 | Gauntlet | Found a transporter.
 11838 | Gauntlet | Found a transporter.
 11842 | Gauntlet | Found a transporter.
 11869 | Gauntlet | Found a transporter.
 11889 | Gauntlet | Found a transporter.
 11893 | Gauntlet | Found a transporter.
 11895 | Gauntlet | Found a runed translucent gate.
 11895 | Gauntlet | Found a runed translucent gate.
 11901 | Gauntlet | Found a transporter.
 11909 | Gauntlet | Found a runed translucent gate.
 12058 | Gauntlet | HP: 4/95 [dire elephant (1)]
 12059 | Gauntlet | Slain by an elephant

Illustrated notes

Levels and vault maps discovered:
D:1:      ncdulo_lavacross, layout_rooms, serial_aquarium,
          aquarium_bridge_straight [aquarium_subvault_bridge,
          aquarium_subvault_window, aquarium_subvault_bridge,
          aquarium_subvault_wall], aquarium_window_corner,
          aquarium_window_corridor_1, aquarium_window_1, aquarium_window_fake,
          aquarium_view_2e, aquarium_pool_split, minmay_misc_feat_hallway,
          minivault_23
D:2:      layout_rooms
D:3:      layout_rooms, basic_ecumenical_altar, gammafunk_ghost_arena,
          kennysheep_path_1
D:4:      layout_gridville, chequers_temple_overflow_statue_of_worship
D:5:      layout_loops_corners
D:6:      layout_cave_pools, gammafunk_ghost_necromancy,
          minmay_hollow_rounded_squares
D:7:      layout_rooms, minmay_temple_entry_from_below_a
D:8:      layout_rooms, skrybe_limestone_x, nrook_campfire
D:9:      cheibrodos_grave_circle, layout_basic, minmay_checkerbox
D:10:     layout_basic, mainiacjoe_overflow_tiny_flanked, orc_0_dummy,
          chequers_serial_rivers_large_a, uniq_erica
D:11:     layout_rooms, grunt_lair_entry_orc_guard_hut, uniq_fannar
Temple:   minmay_crystal_spiral_temple
Lair:1:   layout_chaotic_city, gauntlet_entry_generic, serial_bayou_pond_d
Gauntlet: minmay_gauntlet_mixed_oops_all_seconds
          [minmay_gauntlet_arena_77_radiant_squares,
          nicolae_gauntlet_arena_t_cross, minmay_gauntlet_arena_77_run_for_it,
          nicolae_gauntlet_arena_blocks, minmay_gauntlet_arena_77_two_lines,
          gammafunk_gauntlet_arena_arrow_garden, gauntlet_exit_green]

Skill      XL: |  1  2  3  4  5  6  7  8  9 10 11 |
---------------+----------------------------------+-----
Conjurations   | 5 6 7 8 10 11 13 14 | 14.5
Stealth        | 2 |  2.0
Dodging        | 2 3 4 5 |  5.0
Spellcasting   | 3 4 5 7 |  7.5
Hexes          | 1 2 4 |  4.0
Fighting       | 2 5 |  5.9
Air Magic      | 3 5 |  5.0
Shields        | 4 |  4.0

Action                   |  1- 3 |  4- 6 |  7- 9 | 10-12 || total
-------------------------+-------+-------+-------+-------++-------
Melee: Whip              |    84 |   105 |       |       ||   189
       Tailslap          |     5 |    10 |     7 |    11 ||    33
       Spear             |       |       |    90 |       ||    90
       Short sword       |       |       |    12 |    68 ||    80
       Dagger            |       |       |       |    61 ||    61
       Unarmed           |       |       |       |     3 ||     3
Throw: Dart              |       |       |       |     2 ||     2
 Cast: Magic Dart        |    34 |     2 |     1 |       ||    37
       Searing Ray       |    12 |    13 |    26 |    49 ||   100
       Fulminant Prism   |       |     1 |     1 |    19 ||    21
       Dazzling Flash    |       |       |     2 |     5 ||     7
       Swiftness         |       |       |       |     1 ||     1
 Abil: Breathe Steam     |       |       |    43 |    48 ||    91
  Use: Scroll            |     2 |       |     3 |     5 ||    10
       Potion            |     1 |       |       |     4 ||     5
 Stab: Sleeping          |     5 |       |     1 |       ||     6
       Distracted        |       |       |       |     1 ||     1
       Invisible         |       |       |       |     1 ||     1
Armor: Skin              |    31 |    50 |    89 |   170 ||   340
Dodge: Dodged            |    72 |    71 |   137 |   205 ||   485
Block: Buckler           |       |       |       |    36 ||    36
